 Dungeon Crawl Stone Soup version 0.29-a0-284-gf9362112df (webtiles) character file.

Game seed: 14068385176914799967

477 spaghetti the Cutter (level 6, -9/36 HPs)
             Began as a Deep Elf Monk on Mar 21, 2022.
             Was a Priest of the Shining One.
             Mangled by Duvessa
             ... wielding a +0 short sword
              (11 damage)
             ... on level 4 of the Dungeon.
             The game lasted 00:08:32 (4904 turns).

spaghetti the Cutter (Deep Elf Monk)                Turns: 4904, Time: 00:08:32

Health: -9/36      AC: 11    Str: 10    XL:     6   Next: 85%
Magic:  2/11       EV:  6    Int: 15    God:    the Shining One [***...]
Gold:   195        SH:  0    Dex: 19    Spells: 5/5 levels left

rFire   . . .      SeeInvis .   c - +5 dagger {short}
rCold   . . .      Faith    +   (no shield)
rNeg    + + .      Spirit   .   d - +0 plate armour
rPois   +          Reflect  .   (no helmet)
rElec   .          Harm     .   (no cloak)
rCorr   .          Rampage  .   (no gloves)
Will    +....                   o - +0 pair of boots
Stlth   ..........              m - amulet of faith {!P}
HPRegen 0.12/turn               e - +4 ring of evasion
MPRegen 0.12/turn               h - ring of positive energy

@: glowing
A: agile 1, strong-willed 1, poison resistance, MP-powered wands
a: Renounce Religion, Divine Shield, Cleansing Flame


You were on level 4 of the Dungeon.
You worshipped the Shining One.
The Shining One was most pleased with you.
You visited 1 branch of the dungeon, and saw 4 of its levels.

You collected 195 gold pieces.


Innate Abilities, Weirdness & Mutations

You are agile. (Dex +2)
You are strong-willed. (Will+)
Your system is resistant to poisons. (rPois)
You expend magic power (3 MP) to strengthen your wands.


   Skills:
 - Level 2.4 Fighting
 + Level 6.2 Short Blades
 - Level 3.6 Dodging
 - Level 2.7 Stealth
 + Level 4.8 Invocations


You had 5 spell levels left.
You didn't know any spells.
Your spell library contained the following spells:

 Spells                   Type           Power      Damage    Failure   Level
 Static Discharge         Conj/Air       0%         N/A       100%        2
 Lightning Bolt           Conj/Air       0%         1d11      100%        5
 Maxwell's Capacitive Co  Air            0%         ∞         100%        8

Inventory:

Hand Weapons
 a - a +0 short sword {short}
 c - a +5 dagger (weapon) {short}
   (You took it off a goblin on level 3 of the Dungeon)
 l - a +1 hunting sling of flaming {sling}
   (You took it off a goblin on level 4 of the Dungeon)
Missiles
 f - 129 stones (quivered) {throwing}
 j - 4 boomerangs {throwing}
 p - 5 javelins {throwing}
Armour
 b - a +0 robe
 d - a +0 plate armour (worn)
   (You found it on level 1 of the Dungeon)
 k - the +4 Cigotuvi's embrace {rMiasma Drain rN+, forbidden}
   (You found it on level 2 of the Dungeon)

   It gathers nearby corpses to temporarily increase the armour it provides.
   It protects you from foul pestilence.
   rN:        It protects you from negative energy.
   Drain:     It drains your maximum health when unequipped.
   The Shining One disapproves of the use of such an item.
 o - a +0 pair of boots (worn)
   (You found it on level 4 of the Dungeon)
Magical Staves
 i - a staff of fire {!astaff}
   (You found it on level 1 of the Dungeon)
Jewellery
 e - a +4 ring of evasion (left hand)
   (You found it on level 1 of the Dungeon)
 h - a ring of positive energy (right hand)
   (You found it on level 1 of the Dungeon)
 m - an amulet of faith (around neck) {!P}
   (You found it on level 2 of the Dungeon)
Scrolls
 g - a scroll of immolation {!r!r}
 q - a scroll of fear
 r - a scroll of enchant weapon

Dungeon Overview and Level Annotations

Branches:
Dungeon (4/15)
 Temple: D:4-7

Altars:
Cheibriados
Uskayaw
Vehumet
The Shining One

Annotations:
D:4 Duvessa

##....##......#.......##
####..........##......##
#.........##......<....##
.....#...###............#
.....##.................#####
.....##...##................#
...................#####'##.#
...#..............## #⌠.⌠.#
.###.........##.@## #....#
..#.......... ##e8..$#._..#
..# ....... .g...$#....# ...
......$#....# ....8..$#._..#
.....##.##....#
.......####⌠.⌠.# .#.#....


You could see Duvessa (berserk) and a goblin.


Message History

An ufetubus comes into view.
There is an open door here.
There is a fountain of clear blue water here.
An ufetubus is nearby!
An ufetubus is nearby!
An ufetubus is nearby!
An ufetubus is nearby!
An ufetubus is nearby!
There is an open door here.
An ufetubus is nearby!
An ufetubus is nearby!
You hit the ufetubus.
The ufetubus hits you but does no damage. x2
You hit the ufetubus.
The ufetubus hits you but does no damage. x2
You hit the ufetubus. The ufetubus barely misses you.
The ufetubus hits you but does no damage.
You puncture the ufetubus!
You kill the ufetubus!
The Shining One accepts your kill.
Duvessa and Dowan come into view.
Duvessa shouts!
Dowan shouts!
You hear a shout!
Dowan casts a spell at you. The puff of frost hits you! 😕 HP[-7]
You take 7 damage, and now have 29/36 hp.
It was a potion of mutation.
You feel extremely strange.
You feel strong-willed.
You feel resistant to poisons.
You feel your magical essence link to the dungeon's wands.
You feel agile.
You aren't carrying any items that you can evoke.
A goblin comes into view. It is wielding a +0 club.
The goblin shouts!
A necrophage comes into view.
The goblin moves out of view.
Okay, then.
Activating: Cleansing Flame (50% risk of failure)
Press: ? - help, Dir - look around, f - activate
Okay, then.
Dowan hits you with a +0 dagger. 😮 HP[-2]
You take 2 damage, and now have 27/36 hp.
Activating: Cleansing Flame (50% risk of failure)
Press: ? - help, Dir - look around, f - activate The golden flame engulfs you but does no damage.
You resist.
The golden flame engulfs Dowan.
The golden flame engulfs Duvessa.
The golden flame engulfs the necrophage!!
The necrophage writhes in agony!
You hear a shout! x2
Dowan barely misses you. 😮 MP[-5]
You lost 5 mp, and now have 6/11 mp.
Unknown command.
Activating: Cleansing Flame (50% risk of failure)
Press: ? - help, Dir - look around, f - activate The golden flame engulfs you but does no damage.
You resist.
The golden flame engulfs Dowan!!
You kill Dowan!
Duvessa screams, "No!
How DARE you!"
Duvessa goes berserk!
The golden flame engulfs Duvessa!
The golden flame engulfs the necrophage!!
The necrophage writhes in agony!
You destroy the necrophage!
The Shining One accepts your kill.
You feel better.
You feel your power returning.
You hear a shout! x2
Duvessa hits you but does no damage.
Your Short Blades skill increases to level 6! 😕 HP[+5] MP[-4]
You regained 5 hp, and now have 32/36 hp.
You lost 4 mp, and now have 2/11 mp.
Okay, then.
You aren't carrying any items that you can evoke.
You aren't carrying any potions.
Okay, then.
You hit Duvessa but do no damage.
Duvessa hits you with a +0 short sword! 😮 HP[-8]
You take 8 damage, and now have 24/36 hp.
MASSIVE DAMAGE!! (PAUSE)
You puncture Duvessa! Duvessa hits you but does no damage.
You hit Duvessa. Duvessa hits you with a +0 short sword.
* * * LOW HITPOINT WARNING * * *
😨 HP[-6]
You take 6 damage, and now have 18/36 hp.
Unknown command.
You hit Duvessa but do no damage. Duvessa hits you with a +0 short sword!
* * * LOW HITPOINT WARNING * * *
😱 HP[-11]
You take 11 damage, and now have 7/36 hp.
MASSIVE DAMAGE!! (PAUSE)
Okay, then.
You hit Duvessa but do no damage. Duvessa hits you with a +0 short sword.
* * * LOW HITPOINT WARNING * * *
😱 HP[-5]
You take 5 damage, and now have 2/36 hp.
Unknown command.
Okay, then.
You hit Duvessa but do no damage. Duvessa hits you with a +0 short sword!
You die...

Skill      XL: |  1  2  3  4  5  6 |
---------------+-------------------+-----
Short Blades   | 4 5 6 |  6.2
Invocations    | 3 4 |  4.8
Fighting       | |  2.4
Dodging        | |  3.6
Stealth        | |  2.7

Action                   |  1- 3 |  4- 6 || total
-------------------------+-------+-------++-------
Melee: Short sword       |   154 |    23 ||   177
       Punch             |     2 |     1 ||     3
       Dagger            |       |    23 ||    23
Throw: Stone             |    13 |    12 ||    25
       Javelin           |     6 |       ||     6
       Boomerang         |     6 |       ||     6
Invok: Divine Shield     |     2 |     1 ||     3
       Cleansing Flame   |     1 |     4 ||     5
  Use: Scroll            |     3 |     2 ||     5
       Potion            |     4 |     1 ||     5
Armor: Plate armour      |   152 |    79 ||   231
Dodge: Dodged            |    35 |    33 ||    68
Block: Other             |       |     5 ||     5

Levels and vault maps discovered:
D:1:      heliophobic_arrival_ceremonial_halls, layout_loops_corners,
          nicolae_ecumenical_lake_church
D:2:      layout_basic, kennysheep_cluttered_room
D:3:      layout_basic, mainiacjoe_overflow_catwalk
D:4:      layout_cave_pools, jmf_multi_god_temple, uniq_duvessa, uniq_grinder,
          uniq_robin

Notes
Turn   | Place    | Note
-------+----------+-------------------------------------------
     0 | D:1      | spaghetti the Deep Elf Monk began the quest for the Orb.
     0 | D:1      | Reached XP level 1. HP: 13/13 MP: 3/3
     0 | D:1      | magus.rc [v1.9.6]
    57 | D:1      | You pick up a book of Lightning and begin reading...
    57 | D:1      | You add the spells Static Discharge, Lightning Bolt and
                  | Maxwell's Capacitive Coupling to your library.
   390 | D:1      | Reached XP level 2. HP: 9/18 MP: 4/4
   756 | D:1      | Found a faded altar of an unknown god.
   760 | D:1      | Prayed at the altar of an unknown god.
   760 | D:1      | Became a worshipper of the Shining One
   760 | D:1      | Reached * piety under the Shining One
   760 | D:1      | Reached ** piety under the Shining One
  1444 | D:2      | Found the +4 Cigotuvi's embrace {rMiasma Drain rN+}
  1571 | D:2      | Reached skill level 4 in Short Blades
  1888 | D:3      | Reached XP level 3. HP: 21/22 MP: 5/5
  2032 | D:3      | Found a snail-covered altar of Cheibriados.
  2046 | D:3      | Reached *** piety under the Shining One
  2625 | D:4      | Noticed Grinder
  2635 | D:4      | Noticed a black bear
  2640 | D:4      | HP: 4/22 [Grinder (5)]
  2641 | D:4      | HP: 1/22 [hobgoblin[Robin] (2)]
  2662 | D:3      | HP: 5/22 [Grinder (1)]
  2687 | D:3      | Paralysed by Grinder for 7 turns
  2691 | D:3      | HP: 1/22 [Grinder (3)]
  2691 | D:3      | The Shining One protects you from harm!
  2698 | D:3      | HP: 1/22 [Grinder/nerve-wracking pain (1)]
  3014 | D:3      | Paralysed by Grinder for 7 turns
  3019 | D:3      | HP: 1/22 [Grinder (6)]
  3344 | D:3      | Paralysed by Grinder for 5 turns
  3356 | D:3      | Killed Grinder
  3357 | D:3      | Reached skill level 5 in Short Blades
  3357 | D:3      | Reached skill level 3 in Invocations
  3357 | D:3      | Reached XP level 4. HP: 9/27 MP: 5/8
  3357 | D:3      | Reached XP level 5. HP: 11/31 MP: 5/9
  3800 | D:2      | HP: 6/31 [black bear (2)]
  3801 | D:2      | Killed a black bear
  3802 | D:2      | Reached skill level 4 in Invocations
  3802 | D:2      | Reached XP level 6. HP: 5/36 MP: 2/11
  4070 | D:4      | Noticed Robin
  4071 | D:4      | HP: 8/36 [frozen (5)]
  4074 | D:4      | HP: 3/36 [frozen (5)]
  4638 | D:4      | Killed Robin
  4879 | D:4      | Found a radiant altar of Vehumet.
  4879 | D:4      | Found a hide-covered altar of Uskayaw.
  4893 | D:4      | Noticed Duvessa
  4893 | D:4      | Noticed Dowan
  4894 | D:4      | Gained mutation: You are strong-willed. (Will+) [potion of
                  | mutation]
  4894 | D:4      | Gained mutation: Your system is resistant to poisons.
                  | (rPois) [potion of mutation]
  4894 | D:4      | Gained mutation: You expend magic power (3 MP) to
                  | strengthen your wands. [potion of mutation]
  4894 | D:4      | Gained mutation: You are agile. (Dex +2) [potion of
                  | mutation]
  4898 | D:4      | Killed Dowan
  4899 | D:4      | Reached skill level 6 in Short Blades
  4902 | D:4      | HP: 7/36 [Duvessa/+0 short sword (11)]
  4903 | D:4      | HP: 2/36 [Duvessa/+0 short sword (5)]
  4904 | D:4      | Mangled by Duvessa

Vanquished Creatures
  Grinder (D:3)
  A black bear (D:2)
  A necrophage (D:4)
  Dowan (D:4)
  Robin (D:4)
  An adder (D:2)
  An ufetubus (D:4)
  4 orcs
  10 bats
  4 endoplasms
  2 giant cockroaches
  6 hobgoblins
  4 jackals (D:3)
  5 kobolds
  2 quokkas (D:3)
  A ball python (D:1)
  4 frilled lizards
  15 goblins
  3 rats
67 creatures vanquished.

Table legend:
 A = Non-vault XP
 B = Vault XP
 C = Vault XP percentage of total XP
 D = Non-vault monster count
 E = Vault monster count
 F = Vault count percentage of total count
                 A         B        C        D         E       F
            +---------+---------+-------+---------+---------+-------
      Total |     228 |     454 |  66.6 |      52 |      15 |  22.4
            +---------+---------+-------+---------+---------+-------
        D:1 |      28 |       0 |   0.0 |      17 |       0 |   0.0
        D:2 |     162 |       4 |   2.4 |      14 |       2 |  12.5
        D:3 |      29 |     271 |  90.3 |      17 |       8 |  32.0
        D:4 |       9 |     179 |  95.2 |       4 |       5 |  55.6
            +---------+---------+-------+---------+---------+-------

Illustrated notes

Table legend:
 A = Kills in this place as a percentage of kills in entire the game.
 B = Kills by you in this place as a percentage of kills by you in the entire game.
 C = Kills by friends in this place as a percentage of kills by friends in the entire game.
 D = Other kills in this place as a percentage of other kills in the entire game.
 E = Experience gained in this place as a percentage of experience gained in the entire game.
 F = Experience gained in this place divided by the number of levels of this place that you have seen.
                   A       B       C       D       E      F
               +-------+-------+-------+-------+-------+----------------------
         Total | 100.0 | 100.0 |   N/A |   N/A | 100.0 | 170.5
       Dungeon | 100.0 | 100.0 |   N/A |   N/A | 100.0 | 170.5
               +-------+-------+-------+-------+-------+----------------------

Table legend: (Time is in decaauts)
 A = Elapsed time spent in this place.
 B = Non-inter-level travel time spent in this place.
 C = Inter-level travel time spent in this place.
 D = Time resting spent in this place.
 E = Time spent auto-exploring this place.
 F = Levels seen in this place.
 G = Mean time per level.
                   A        B        C        D        E       F      G
               +--------+--------+--------+--------+--------+-----+--------+
         Total |   4885 |   4789 |     96 |   1844 |   2235 |   4 | 1221.2 |
       Dungeon |   4885 |   4789 |     96 |   1844 |   2235 |   4 | 1221.2 |
               +--------+--------+--------+--------+--------+-----+--------+

Top non-repeatable levels by time:
     D:2: 1874 daAuts
     D:3: 1543 daAuts
     D:1: 1159 daAuts
     D:4: 308 daAuts
